 Dungeon Crawl Stone Soup version 0.22.1-1-ga44c0e56f4 (webtiles) character file.

92 JedernureinKreuz the Conjurer (level 4, 0/33 HPs)
             Began as a Demigod Conjurer on Sept 23, 2018.
             Slain by an iguana (14 damage)
             ... on level 2 of the Dungeon.
             The game lasted 00:06:08 (1989 turns).

JedernureinKreuz the Conjurer (Demigod Conjurer)    Turns: 1989, Time: 00:06:08

Health: 0/33       AC:  4    Str: 11    XL:     4   Next: 13%
Magic:  5/10       EV: 13    Int: 21    God:
Gold:   76         SH:  0    Dex: 16    Spells: 6/7 levels left

rFire    . . .     SeeInvis .   g - +0 short sword (curse)
rCold    . . .     Gourm    .   (no shield)
rNeg     . . .     Faith    .   a - +0 robe
rPois    .         Spirit   .   n - +0 helmet
rElec    .         Reflect  .   (no cloak)
rCorr    .         Harm     .   (no gloves)
MR       .....                  e - +0 pair of boots
Stlth    ++........             (no amulet)
HPRegen  0.11/turn              (no ring)
MPRegen  0.12/turn              (no ring)

@: no status effects
A: high mp 1
a: no special abilities


You were on level 2 of the Dungeon.
You were not hungry.

You visited 1 branch of the dungeon, and saw 2 of its levels.

You collected 76 gold pieces.

Inventory:

Hand Weapons
 g - a cursed +0 short sword (weapon)
 i - a +0 short sword
 q - a +2 short sword of flaming
Missiles
 b - 31 arrows
 h - 31 sling bullets
 o - 21 bolts
Armour
 a - a +0 robe (worn)
 e - a +0 pair of boots (worn)
 n - a +0 helmet (worn)
Scrolls
 d - a scroll of enchant armour {unknown}
 f - a scroll of fog
 k - 2 scrolls of remove curse {unknown}
 p - a scroll of teleportation {unknown}
 r - a scroll of identify
Potions
 j - a potion of curing
 m - a potion of resistance {unknown}
Comestibles
 c - 5 rations
 l - 4 chunks of flesh


   Skills:
 + Level 2.4 Dodging
 + Level 2.5 Stealth
 + Level 2.3 Spellcasting
 + Level 4.4 Conjurations


You had 6 spell levels left.
You knew the following spells:

 Your Spells              Type           Power        Failure   Level  Hunger
a - Magic Dart            Conj           ###.         2%          1    #......

Your spell library contained the following spells:

 Spells                   Type           Power        Failure   Level  Hunger
 Searing Ray              Conj           ###...       3%          2    ##.....
 Beastly Appendage        Tmut           #.....       14%         1    #......
 Dazzling Spray           Conj/Hex       ##....       17%         3    ###....
 Sticks to Snakes         Tmut           #.......     22%         2    ##.....
 Iskenderun's Mystic Bla  Conj           ###.....     24%         4    #####..
 Spider Form              Tmut/Pois      #.........   41%         3    ###....
 Force Lance              Conj/Tloc      ##......     50%         4    #####..
 Fulminant Prism          Conj/Hex       ##........   50%         4    #####..
 Ice Form                 Ice/Tmut       #.......     82%         4    #####..
 Blade Hands              Tmut           #.........   99%         5    ######.


Dungeon Overview and Level Annotations

Branches:
Dungeon (2/15)


Innate Abilities, Weirdness & Mutations

You have an increased reservoir of magic. (+10% MP)


Message History

Casting: Magic Dart (safe; 2% risk of failure)
Confirm with . or Enter, or press ? or * to list all spells.
Aiming: Magic Dart (safe; 2% risk of failure)
Press: ? - help, Shift-Dir - straight line, f/p - iguana
Aim: an iguana (lightly wounded)
The magic dart hits the iguana.
The iguana is lightly wounded.
The iguana bites you!
You hit the iguana but do no damage.
The iguana is lightly wounded.
The iguana bites you.
Casting: Magic Dart (safe; 2% risk of failure)
Confirm with . or Enter, or press ? or * to list all spells.
Aiming: Magic Dart (safe; 2% risk of failure)
Press: ? - help, Shift-Dir - straight line, f/p - iguana
Aim: an iguana (lightly wounded)
The magic dart hits the iguana.
The iguana is moderately wounded.
The iguana bites you!
You die...

#.....##.##.#.#.#..# #.#
########.##........###.#
# ...####.#.#......#
#.##.####.#.########
#P........#.#
..♣.P..#####.# PP♣....#
#.# ♣.PP#.# #.# ♣♣.P#@#
#.. ♣♣...l...#
♣.##.##...# ..# #.#
....# ## #.# .## ..# #
###


You could see an iguana.

Vanquished Creatures
  3 adders (D:2)
  A gnoll (D:1)
  A worm (D:2)
  2 dart slugs
  2 leopard geckos
  2 bats
  5 giant cockroaches
  8 goblins
  5 hobgoblins
  8 kobolds
  4 frilled lizards
  4 rats (D:1)
45 creatures vanquished.

Notes
Turn   | Place    | Note
-------+----------+-------------------------------------------
     0 | D:1      | JedernureinKreuz the Demigod Conjurer began the quest for
                  | the Orb.
     0 | D:1      | Reached XP level 1. HP: 14/14 MP: 5/5
   138 | D:1      | Reached skill level 4 in Conjurations
   168 | D:1      | Reached XP level 2. HP: 19/20 MP: 1/7
   464 | D:1      | HP: 1/20 [gnoll/whip (5)]
   790 | D:1      | Reached XP level 3. HP: 26/26 MP: 6/8
  1854 | D:2      | Reached XP level 4. HP: 33/33 MP: 5/10
  1989 | D:2      | Slain by an iguana

Skill      XL: |  1  2  3 |
---------------+----------+-----
Conjurations   | 4 |  4.4
Stealth        | 2 |  2.5
Dodging        | 2 |  2.4
Spellcasting   | 2 |  2.3

Action                   |  1- 3 |  4- 6 || total
-------------------------+-------+-------++-------
Melee: Unarmed           |     8 |       ||     8
       Short sword       |    35 |     1 ||    36
 Cast: Magic Dart        |    70 |    13 ||    83
  Use: Scroll            |     3 |       ||     3
 Stab: Sleeping          |     5 |       ||     5
  Eat: Chunk             |     4 |       ||     4
Armor: Robe              |    11 |     3 ||    14
Dodge: Dodged            |    39 |       ||    39
